 Dungeon Crawl Stone Soup version 0.19-a0-1065-gdac414d (webtiles) character file.

459102 DarthKuruptios the Minotaur Porcupine (level 23, -20/349 (357) HPs)
             Began as a Minotaur Berserker on July 28, 2016.
             Was a High Priest of Trog.
             Demolished by an acid blob (22 damage)
             ... created by the Royal Jelly
             ... on level 5 of the Pits of Slime on Aug 3, 2016.
             The game lasted 04:39:53 (41890 turns).

DarthKuruptios the Minotaur Porcupine (MiBe)       Turns: 41890, Time: 04:40:05

HP:   -20/349 (357) AC: 48    Str: 42    XL:     23   Next: 33%
MP:   3/18          EV: 17    Int:  4    God:    Trog [*****.]
Gold: 2805          SH:  2    Dex: 17    Spells: 0 memorised, 22 levels left

rFire  + + +     SeeInvis +     K - +8 glaive of the Guard {elec, +Rage AC+5 SInv}
rCold  + + +     Gourm    .     x - +12 crystal plate armour "Yqerhome" {Str+3 Stlth+}
rNeg   + . .     Faith    .     (shield currently unavailable)
rPois  +         Spirit   .     (helmet restricted)
rElec  .         Dismiss  .     a - +2 cloak
rCorr  +         Reflect  .     P - +2 pair of gloves {Str+3}
SustAt .         Harm     .     T - +0 pair of boots of the Butterfly {*Confuse rPois rF++ rN+}
MR     ++++.     Rnd*Tele +     l - amulet "Akouph" {+Rage rF+ Str+5}
Stlth  ..........               N - ring of Kodde {rC+++ MR+ Str+5 Stlth-}
                                Y - ring of resist corrosion

@: berserking (expiring), corroded, regenerating, very quick
A: retaliatory headbutt, horns 2, large bone plates 1, blurry vision 1, fire
resistance 1, low mp 2, teleportitis 1, weak 2, MP-powered wands
a: Berserk, Trog's Hand, Brothers in Arms, Burn Spellbooks, Renounce Religion,
Evoke Berserk Rage
}: 2/15 runes: decaying, gossamer


You were on level 5 of the Pits of Slime.
You worshipped Trog.
Trog was extremely pleased with you.
You were hungry.

You visited 9 branches of the dungeon, and saw 45 of its levels.
You also visited: Trove, Sewer and Ice Cave.

You collected 5504 gold pieces.
You spent 2699 gold pieces at shops.

Inventory:

Hand Weapons
 K - the +8 glaive of the Guard (weapon) {elec, +Rage AC+5 SInv}
   (You found it on level 4 of the Vaults)

   Occasionally, upon striking a foe, it will discharge some electrical energy
   and cause terrible harm.
   It affects your AC (+5).
   It lets you see invisible.
   It lets you go berserk.
Armour
 a - a +2 cloak (worn)
 x - the +12 crystal plate armour "Yqerhome" (worn) {Str+3 Stlth+}
   (You acquired it on level 5 of the Dungeon)

   It affects your strength (+3).
   It makes you more stealthy.
 P - a +2 pair of gloves of strength (worn)
 T - the +0 pair of boots of the Butterfly (worn) {*Confuse rPois rF++ rN+}
   (You acquired it on level 4 of the Vaults)

   It greatly protects you from fire.
   It protects you from poison.
   It protects you from negative energy.
   It may confuse you when you take damage.
Jewellery
 l - the amulet "Akouph" (around neck) {+Rage rF+ Str+5}
   (You found it in a treasure trove)

   [amulet of rage]

   It affects your strength (+5).
   It protects you from fire.
   It lets you go berserk.
 t - an uncursed amulet of regeneration
 G - the ring of the Greedy {SustAt rF- Int+2 Slay+2 Stlth+}
   (You found it on level 3 of the Elven Halls)

   [ring of sustain attributes]

   It sustains your strength, intelligence and dexterity.
   It affects your intelligence (+2).
   It affects your accuracy and damage with ranged weapons and melee attacks
   (+2).
   It makes you vulnerable to fire.
   It makes you more stealthy.
 H - the amulet "Memnoas" {Spirit *Contam rF+ MP+9 Dex+3}
   (You found it in a treasure trove)

   [amulet of guardian spirit]

   It causes incoming damage to be split between your health and magic.
   It affects your dexterity (+3).
   It protects you from fire.
   It affects your magic capacity (+9).
   It causes magical contamination when unequipped.
 N - the ring of Kodde (right hand) {rC+++ MR+ Str+5 Stlth-}
   (You found it on level 2 of the Elven Halls)

   [ring of protection from magic]

   It affects your strength (+5).
   It renders you almost immune to cold.
   It affects your resistance to hostile enchantments.
   It makes you less stealthy.
 W - the ring of Compassion {MR+ AC+4 Int+3}
   (You bought it in a shop on level 4 of the Vaults)

   [ring of protection]

   It affects your AC (+4).
   It affects your intelligence (+3).
   It affects your resistance to hostile enchantments.
 Y - a ring of resist corrosion (left hand)
Wands
 e - a wand of digging (11/24)
 n - a wand of heal wounds (7/9)
 z - a wand of teleportation (7/9)
Scrolls
 f - 25 scrolls of identify
 h - 2 scrolls of enchant armour
 q - 22 scrolls of remove curse
 r - 9 scrolls of enchant weapon
 s - 13 scrolls of teleportation
 v - a scroll of recharging
 I - 6 scrolls of blinking
 M - 2 scrolls of holy word
 O - 7 scrolls of fog
 U - 5 scrolls of fear
 V - 3 scrolls of magic mapping
Potions
 d - 14 potions of curing
 i - a potion of agility
 k - 3 potions of cure mutation
 m - 11 potions of heal wounds
 p - 5 potions of haste
 u - 2 potions of flight
 w - 3 potions of ambrosia
 A - 5 potions of brilliance
 D - a potion of cancellation
 E - 8 potions of might
 J - 3 potions of berserk rage
 Q - 10 potions of lignification
 R - 2 potions of magic
 Z - 2 potions of invisibility
Miscellaneous
 j - 4 sacks of spiders
 y - 2 boxes of beasts
Comestibles
 b - 2 royal jellies
 c - 24 bread rations
 g - 23 meat rations
 B - 4 beef jerkies
 F - 2 slices of pizza


   Skills:
 + Level 26.7 Fighting
 O Level 27 Polearms
 + Level 20.9 Armour
 * Level 14.1 Dodging
 + Level 4.1 Stealth
   Level 2.3 Shields
 + Level 1.0 Evocations


You had 22 spell levels left.
You didn't know any spells.

Dungeon Overview and Level Annotations

Branches:
Dungeon (14/15)            Temple (0/1) D:7            Lair (6/6) D:11
  Swamp (4/4) Lair:4       Spider (4/4) Lair:3        Slime (5/5) Lair:5
    Orc (2/2) D:10            Elf (3/3) Orc:2        Vaults (4/5) D:14
  Crypt (3/3) Vaults:3       Tomb (0/3) Crypt:3

Altars:
Ashenzari
Dithmenos
Fedhas
Gozag
Hepliaklqana
Kikubaaqudgha
Makhleb
Nemelex Xobeh
Okawaru
Qazlal
Trog
Vehumet
Yredelemnul
Jiyva

Shops:
Orc:2 :?%?   Vaults:1 [   Vaults:2 (   Vaults:3 *   Vaults:4 =


Innate Abilities, Weirdness & Mutations

You reflexively headbutt those who attack you in melee.
You have a pair of horns on your head.
You are partially covered in large bone plates. (AC +2, SH +2)
Scrolls take you a little longer to read.
Your flesh is heat resistant. (rF+)
Your magical capacity is very low. (-20% MP)
You are occasionally teleported next to monsters.
You are very weak. (Str -4)
You expend magic power (3 MP) to strengthen your wands.


Message History

The azure jelly freezes you. You resist.
* * * LOW HITPOINT WARNING * * *
The azure jelly hits you but does no damage. x2
The acid blob spits acid at you. The splash of acid hits you! You resist.
* * * LOW HITPOINT WARNING * * *
The acid corrodes you!
The acid burns!
You resist.
* * * LOW HITPOINT WARNING * * *
The azure jelly hits you but does no damage. x3
The azure jelly hits you!
* * * LOW HITPOINT WARNING * * *
The acid blob spits acid at you. The splash of acid hits you!
The acid burns!
You resist.
* * * LOW HITPOINT WARNING * * *
The acid blob hits you!
* * * LOW HITPOINT WARNING * * *
You are splashed with acid!
The acid burns!
You resist.
* * * LOW HITPOINT WARNING * * *
The acid blob hits you!!
You die...

..# #
##..............
##..............
$##..............
?##..............
####.............
####..JJ.........
..##.JJJJ........
#...GJJ@.........
####.JJJJ........
###...JJ.........
(##..............
?##..............
###..............
#................
#................
................


You could see 6 acid blobs, 5 azure jellies, 3 death oozes and an eye of
draining.

Vanquished Creatures
  the Royal Jelly (Slime:5)
  Sojobo (Vaults:3)
  Frederick (Vaults:4)
  Saint Roka (Vaults:4)
  A curse toe (Crypt:3)
  Nikola (Spider:1)
  The ghost of magenta the Fencer, an adept HEBe of Makhleb (Crypt:3)
  A tentacled monstrosity (Vaults:4)
  4 liches
  2 titans (Vaults:4)
  2 deep elf master archers (Elf:3)
  A sphinx (Vaults:3)
  3 deep elf blademasters
  10 ancient champions
  15 acid blobs
  Kirke (Elf:1)
  2 tengu reavers (Vaults:3)
  3 thorn hunters
  A fire giant (Vaults:4)
  8 azure jellies
  2 frost giants
  3 ghost moths (Spider:4)
  3 vault wardens
  3 deep elf sorcerers (Elf:3)
  5 emperor scorpions
  A curse skull (Crypt:3)
  6 ghouls (Crypt:3)
  3 deep elf elementalists (Elf:3)
  6 ironheart preservers
  5 stone giants
  2 war gargoyles (Vaults:4)
  6 entropy weavers
  5 vampire knights
  4 deep elf demonologists
  8 deep elf annihilators
  A spark wasp (Spider:4)
  2 ettins
  Snorg (Orc:1)
  2 mummy priests (Crypt:3)
  3 death oozes (Slime:5)
  5 eidola
  8 deep elf death magi
  8 jiangshi
  14 ogre magi
  2 deep elf high priests (Elf:3)
  9 yaktaur captains
  Josephine (D:11)
  4 fire dragons
  23 hydras
  A rakshasa (Vaults:2)
  6 great orbs of eyes
  Erolcha (D:9)
  3 catoblepae
  6 vault guards
  2 ghost crabs
  2 ice dragons
  27 dancing weapons
  3 death knights
  11 alligators
  4 deep troll shamans
  5 centaur warriors
  5 orc high priests (Orc:2)
  3 deep troll earth magi
  5 vampire magi
  Urug (Orc:1)
  A soul eater (Crypt:3)
  Nergalle (Lair:4)
  25 deep elf knights
  A small abomination (Elf:3)
  6 shadow wraiths
  3 shambling mangroves
  16 skeletal warriors
  A death drake (shapeshifter) (Vaults:3)
  5 unseen horrors
  9 flayed ghosts
  2 spriggan druids
  A storm dragon skeleton (Crypt:3)
  2 giant orange brains
  6 deep trolls
  A lindwurm (shapeshifter) (Vaults:4)
  5 wizards
  7 hill giants
  11 swamp dragons
  A tengu zombie (Vaults:3)
  2 shadow dragon zombies
  An anaconda skeleton (Crypt:3)
  20 deep elf archers
  12 ironbrand convokers
  11 phantasmal warriors
  Pikel (D:9)
  6 necromancers
  84 deep elf magi
  2 golden dragon skeletons
  12 wolf spider zombies
  An oklob plant (Orc:1)
  14 orb spiders
  15 orc knights
  10 cyclopes
  A tengu skeleton (Vaults:3)
  11 ugly things
  8 orc sorcerers
  8 shining eyes
  4 griffons
  28 wolf spiders
  8 hornets
  5 manticores
  A fire giant skeleton (Crypt:3)
  A moth of wrath (Spider:4)
  5 elephants (Lair:5)
  Joseph (D:8)
  2 eyes of devastation
  A stone giant skeleton (Crypt:2)
  A titan simulacrum (Crypt:2)
  The ghost of DarthKuruptios the Covered, a novice MiBe of Trog (D:5)
  4 centaur zombies
  A molten gargoyle (D:9)
  Maurice (Orc:1)
  9 vault sentinels
  4 black mambas
  4 gargoyles
  A storm dragon simulacrum (Vaults:1)
  21 spiny frogs
  2 torpor snails
  A mottled draconian zombie (Crypt:2)
  A spiny frog (shapeshifter) (Vaults:3)
  7 demonic crawlers
  A rime drake (Lair:6)
  11 komodo dragons
  5 redback zombies (Spider:3)
  14 yaktaurs
  7 freezing wraiths
  6 guardian mummies
  9 trolls
  A hydra zombie (Swamp:2)
  3 polar bears (D:8)
  A purple draconian skeleton (Crypt:1)
  24 jumping spiders
  A wind drake (shapeshifter) (Vaults:1)
  A minotaur zombie (Crypt:1)
  31 two-headed ogres
  2 hydra skeletons
  An ushabti (Crypt:3)
  A boulder beetle (shapeshifter) (Vaults:1)
  6 blink frogs
  4 giant leeches
  A fire dragon zombie (Crypt:3)
  2 boulder beetles
  A hornet zombie (Swamp:2)
  105 slime creatures
  Prince Ribbit (D:7)
  A fire giant simulacrum (Vaults:2)
  4 bog bodies
  3 ettin zombies
  An alligator zombie (Swamp:2)
  12 tarantella zombies (Spider:3)
  53 redbacks
  A fire dragon skeleton (Crypt:3)
  4 flying skulls (Crypt:1)
  2 air elementals (Elf:1)
  5 fire elementals
  8 tarantellas
  A giant leech zombie (Swamp:2)
  5 spriggans
  2 water elementals (Elf:3)
  A human (D:7)
  4 wyverns
  9 wraiths
  A hill giant zombie (Crypt:1)
  80 yaks
  An alligator skeleton (Crypt:3)
  6 basilisks
  A human (shapeshifter) (Vaults:3)
  3 hungry ghosts
  6 golden eyes
  6 hippogriffs
  2 yaktaur simulacra
  18 vampire mosquitoes
  12 insubstantial wisps
  A mottled dragon (Vaults:2)
  6 wargs
  A soldier ant (D:14)
  An orb spider zombie (Crypt:1)
  14 water moccasins
  A faun zombie (Crypt:2)
  18 swamp worms
  16 porcupines
  A gelid demonspawn skeleton (Crypt:1)
  39 orc warriors
  A putrid demonspawn skeleton (Crypt:1)
  Purgy (Sewer)
  An elf zombie (Vaults:2)
  20 swamp drakes
  2 necrophages (Crypt:3)
  51 ogres
  2 slaves (D:9)
  6 sky beasts
  9 ice beasts
  3 black bears
  5 phantoms
  18 wasps
  7 eyes of draining
  A swamp dragon skeleton (Crypt:3)
  2 boggarts (Vaults:3)
  10 centaurs
  5 wolves
  An anubis guard skeleton (Crypt:2)
  13 crocodiles
  4 human skeletons
  A yaktaur zombie (Crypt:3)
  2 earth elementals
  17 giant frogs
  A wyvern zombie (Crypt:1)
  A boulder beetle zombie (Crypt:1)
  2 water moccasin zombies (Swamp:2)
  7 scorpions
  A snapping turtle simulacrum (Crypt:3)
  A raiju zombie (Crypt:3)
  5 killer bees (D:7)
  6 wights
  A polar bear skeleton (Crypt:3)
  10 electric eels
  2 howler monkeys
  A quasit (D:11)
  A giant frog zombie (D:5)
  2 lava snakes
  7 crimson imps
  5 jellies
  7 hounds
  3 human zombies (Crypt:1)
  16 orc priests
  Crazy Yiuf (D:6)
  4 giant frog skeletons
  3 centaur skeletons
  21 orc wizards
  A basilisk skeleton (Crypt:1)
  6 iguanas
  5 worker ants
  4 polar bear simulacra (IceCv)
  18 sheep
  A crocodile zombie (Swamp:2)
  A demigod zombie (Crypt:2)
  An ogre skeleton (Crypt:3)
  3 mummies (Crypt:1)
  2 worker ant zombies
  Robin (D:2)
  15 adders
  9 gnolls
  A howler monkey skeleton (D:6)
  50 river rats
  4 shadow imps
  18 white imps
  A worm zombie (Crypt:2)
  A worm (D:3)
  3 dart slugs
  2 giant geckos
  74 orcs
  2 ball pythons (D:3)
  7 giant cockroaches
  7 goblins
  9 hobgoblins
  2 quokkas
  8 bats
  A giant cockroach zombie (Crypt:2)
  2 giant gecko zombies
  6 giant newts
  A jackal skeleton (D:5)
  9 kobolds
  A kobold skeleton (Crypt:2)
  An orc skeleton (Crypt:3)
  8 rats
  A rat skeleton (Crypt:3)
  A river rat zombie (Crypt:2)
  A briar patch (Swamp:4)
  2 fungi (D:6)
  A plant (Lair:1)
1897 creatures vanquished.

Vanquished Creatures (collateral kills)
  An ancient champion (Crypt:3)
  A deep elf sorcerer (Elf:3)
  A jiangshi (Crypt:3)
  2 hornets (Spider:4)
  A moth of wrath (Spider:4)
  A bog body (Crypt:3)
  A necrophage (Crypt:3)
  A snapping turtle zombie (Crypt:3)
9 creatures vanquished.

Vanquished Creatures (others)
  A vault warden (Vaults:1)
  An ironheart preserver (Vaults:1)
  A deep elf knight (Elf:1)
  A shadow wraith (Vaults:1)
  A wizard (D:14)
  A deep elf mage (Elf:1)
  4 humans (Elf:1)
  A wasp (Swamp:4)
  An ogre (Vaults:4)
  2 boggarts (Vaults:3)
  A quasit (D:9)
  An orc priest (Orc:2)
  An orc wizard (Vaults:3)
  8 fungi
  3 plants
28 creatures vanquished.

Grand Total: 1934 creatures vanquished

Notes
Turn   | Place    | Note
-------+----------+-------------------------------------------
     0 | D:1      | DarthKuruptios the Minotaur Berserker began the quest for the Orb.
     0 | D:1      | Reached XP level 1. HP: 19/19 MP: 0/0
   285 | D:1      | Reached skill level 4 in Polearms
   285 | D:1      | Reached XP level 2. HP: 27/27 MP: 1/1
   809 | D:2      | Reached ** piety under Trog
   823 | D:2      | Reached XP level 3. HP: 33/33 MP: 2/2
   913 | D:2      | Noticed Robin
   933 | D:2      | Killed Robin
   933 | D:2      | Reached XP level 4. HP: 22/41 MP: 3/3
  1757 | D:3      | Reached skill level 5 in Polearms
  1853 | D:3      | Reached XP level 5. HP: 43/47 MP: 4/4
  2079 | D:3      | Reached *** piety under Trog
  2111 | D:3      | Found a glowing drain.
  2130 | Sewer    | Entered a sewer
  2222 | Sewer    | Noticed Purgy
  2233 | Sewer    | Killed Purgy
  2233 | Sewer    | Reached skill level 5 in Fighting
  2233 | Sewer    | Reached XP level 6. HP: 56/56 MP: 5/5
  2432 | D:3      | Reached skill level 6 in Polearms
  2964 | D:4      | Found an ancient bone altar of Kikubaaqudgha.
  3033 | D:4      | Gained mutation: You are weak. (Str -2) [potion of mutation]
  3033 | D:4      | Gained mutation: Your movements are slightly less encumbered by armour. (ER -2) [potion of mutation]
  3033 | D:4      | Gained mutation: Your flesh is heat resistant. (rF+) [potion of mutation]
  3234 | D:4      | Reached XP level 7. HP: 55/61 MP: 6/6
  3541 | D:4      | Reached skill level 5 in Armour
  3576 | D:5      | Entered Level 5 of the Dungeon
  3576 | D:5      | Upgraded the game from 0.19-a0-1032-g6b228a8 to 0.19-a0-1065-gdac414d
  3609 | D:5      | Noticed DarthKuruptios's ghost (novice MiBe)
  3623 | D:5      | Killed DarthKuruptios's ghost
  3623 | D:5      | Reached skill level 7 in Polearms
  3623 | D:5      | Reached skill level 1 in Stealth
  3730 | D:5      | Found a shadowy altar of Dithmenos.
  3860 | D:5      | Reached skill level 5 in Dodging
  3860 | D:5      | Reached XP level 8. HP: 70/70 MP: 7/7
  4209 | D:5      | Identified a scroll of acquirement
  4212 | D:5      | Got a smoking crystal plate armour
  4223 | D:5      | Identified the +12 crystal plate armour "Yqerhome" {Str+3 Stlth+} (You acquired it on level 5 of the Dungeon)
  4504 | D:6      | Found a runed door.
  4558 | D:6      | Noticed Crazy Yiuf
  4564 | D:6      | Killed Crazy Yiuf
  4674 | D:6      | Found a stormy altar of Qazlal.
  4708 | D:6      | Reached skill level 8 in Polearms
  5203 | D:7      | Found a staircase to the Ecumenical Temple.
  5300 | D:7      | Noticed Prince Ribbit
  5317 | D:7      | Killed Prince Ribbit
  5333 | D:7      | Reached skill level 9 in Polearms
  5343 | D:7      | Reached **** piety under Trog
  5343 | D:7      | Reached XP level 9. HP: 66/79 MP: 8/8
  5362 | D:7      | Found a shattered altar of Ashenzari.
  5656 | D:7      | Reached skill level 10 in Polearms
  5816 | D:8      | Reached skill level 11 in Polearms
  5930 | D:8      | Noticed a polar bear
  5945 | D:8      | Killed a polar bear
  5945 | D:8      | Reached XP level 10. HP: 91/91 MP: 9/9
  6021 | D:8      | Noticed Joseph
  6043 | D:8      | Killed Joseph
  6203 | D:8      | Reached skill level 12 in Polearms
  6437 | D:8      | Reached skill level 10 in Fighting
  6448 | D:9      | Reached ***** piety under Trog
  6495 | D:9      | Found an opulent altar of Gozag.
  6505 | D:9      | Noticed Pikel
  6515 | D:9      | Killed Pikel
  6515 | D:9      | Reached skill level 13 in Polearms
  6657 | D:9      | Noticed Erolcha
  6664 | D:9      | Killed Erolcha
  6664 | D:9      | Reached XP level 11. HP: 101/101 MP: 10/10
  6719 | D:9      | Found a burning altar of Makhleb.
  6729 | D:9      | Reached skill level 10 in Armour
  6830 | D:9      | Found a hazy altar of Hepliaklqana.
  6830 | D:9      | Found a sparkling altar of Nemelex Xobeh.
  6955 | D:9      | Gained mutation: Your natural rate of healing is unusually fast. [mutagenic meat]
  6958 | D:9      | Gained mutation: You heal very quickly. [mutagenic meat]
  6961 | D:9      | Gained mutation: You tend to lose your temper in combat. [mutagenic meat]
  6964 | D:9      | Gained mutation: You occasionally shout uncontrollably at your foes. [mutagenic meat]
  7404 | D:10     | Entered Level 10 of the Dungeon
  7569 | D:10     | Found a staircase to the Orcish Mines.
  7643 | D:10     | Received a gift from Trog
  7952 | D:10     | Reached skill level 14 in Polearms
  8373 | D:10     | Got a faintly glowing turquoise ring
  8388 | D:11     | Identified the ring "Roler" {-Tele AC+5 Str+10 Stlth-} (You found it on level 10 of the Dungeon)
  8392 | D:11     | Noticed a white ugly thing
  8406 | D:11     | Killed a brown ugly thing
  8474 | D:11     | Killed an unseen horror
  8666 | D:11     | Lost mutation: You are weak. (Str -2) [potion of cure mutation]
  8666 | D:11     | Lost mutation: You occasionally shout uncontrollably at your foes. [potion of cure mutation]
  8666 | D:11     | Lost mutation: Your movements are slightly less encumbered by armour. (ER -2) [potion of cure mutation]
  8666 | D:11     | Lost mutation: You tend to lose your temper in combat. [potion of cure mutation]
  8667 | D:11     | Lost mutation: Your flesh is heat resistant. (rF+) [potion of cure mutation]
  8667 | D:11     | Lost mutation: You heal very quickly. [potion of cure mutation]
  8667 | D:11     | Lost mutation: Your natural rate of healing is unusually fast. [potion of cure mutation]
  8680 | D:11     | Noticed Josephine
  8692 | D:11     | Killed Josephine
  8716 | D:11     | Found a staircase to the Lair.
  9263 | D:11     | Noticed a purple ugly thing
  9269 | D:11     | Killed a purple ugly thing
  9276 | D:11     | Gained mutation: You expend magic power (3 MP) to strengthen your wands. [mutagenic meat]
  9279 | D:11     | Gained mutation: You are robust. (+10% HP) [mutagenic meat]
  9480 | D:11     | Noticed a hill giant
  9485 | D:11     | Killed a hill giant
  9485 | D:11     | Reached skill level 15 in Polearms
  9517 | D:11     | Noticed a hill giant
  9533 | D:11     | Killed a hill giant
  9533 | D:11     | Reached XP level 12. HP: 110/123 MP: 11/11
  9603 | Lair:1   | Entered Level 1 of the Lair of Beasts
  9800 | Lair:1   | Noticed a seven-headed hydra
  9807 | Lair:1   | Killed an 11-headed hydra
  9873 | Lair:1   | Found a bloodstained altar of Trog.
 10183 | Lair:1   | Reached skill level 16 in Polearms
 10624 | Lair:2   | Noticed a four-headed hydra
 10634 | Lair:2   | Killed an eight-headed hydra
 11255 | Lair:3   | Received a gift from Trog
 11531 | Lair:3   | Reached XP level 13. HP: 131/134 MP: 4/12
 11597 | Lair:3   | Reached skill level 17 in Polearms
 11795 | Lair:3   | Found a hole to the Spider Nest.
 12285 | Lair:4   | Found a frozen archway.
 12336 | IceCv    | Entered an ice cave
 12529 | Lair:4   | Noticed Nergalle
 12538 | Lair:4   | Killed Nergalle
 12568 | Lair:4   | Reached ****** piety under Trog
 12683 | Lair:4   | Found a staircase to the Swamp.
 12775 | Lair:4   | Received a gift from Trog
 12778 | Lair:4   | Got a warped halberd {god gift}
 12779 | Lair:4   | Identified the +12 halberd "Doexe" {chop, SInv} (Trog gifted it to you on level 4 of the Lair of Beasts)
 13462 | Lair:5   | Reached skill level 18 in Polearms
 13491 | Lair:5   | Found a staircase to the Slime Pits.
 13950 | Lair:6   | Entered Level 6 of the Lair of Beasts
 14156 | Lair:6   | Received a gift from Trog
 14208 | Lair:6   | Reached XP level 14. HP: 112/146 MP: 13/13
 14357 | Lair:6   | Reached skill level 15 in Fighting
 14544 | Lair:6   | Reached skill level 19 in Polearms
 15123 | Orc:1    | Entered Level 1 of the Orcish Mines
 15125 | Orc:1    | Noticed Urug
 15136 | Orc:1    | Killed Urug
 15257 | Orc:1    | Noticed Snorg
 15269 | Orc:1    | Killed Snorg
 15291 | Orc:1    | Received a gift from Trog
 15360 | Orc:1    | Paralysed by an orc sorcerer for 2 turns
 15431 | Orc:1    | Noticed Maurice
 15438 | Orc:1    | Killed Maurice
 15570 | Orc:1    | You fall through a shaft!
 15570 | Orc:2    | Entered Level 2 of the Orcish Mines
 15860 | Orc:2    | Found an iron altar of Okawaru.
 15881 | Orc:2    | Received a gift from Trog
 15984 | Orc:2    | Found Qeacs's Magic Scroll Boutique.
 16001 | Orc:2    | Reached skill level 20 in Polearms
 16184 | Orc:2    | Found Qekhlytto's Food Emporium.
 16192 | Orc:2    | Found Etamomn's Magic Scroll Emporium.
 16194 | Orc:2    | Found Tamnayt's Book Boutique.
 16200 | Orc:2    | Bought a scroll of blinking for 97 gold pieces
 16200 | Orc:2    | Bought a scroll of teleportation for 39 gold pieces
 16217 | Orc:2    | Bought a scroll of enchant armour for 75 gold pieces
 16234 | Orc:2    | Bought a scroll of fear for 45 gold pieces
 16234 | Orc:2    | Bought a scroll of fear for 45 gold pieces
 16234 | Orc:2    | Bought a scroll of enchant armour for 97 gold pieces
 16242 | Orc:2    | Bought a meat ration for 60 gold pieces
 16242 | Orc:2    | Bought a bread ration for 60 gold pieces
 16242 | Orc:2    | Bought a beef jerky for 18 gold pieces
 16242 | Orc:2    | Bought a meat ration for 60 gold pieces
 16242 | Orc:2    | Bought a slice of pizza for 18 gold pieces
 16242 | Orc:2    | Bought a beef jerky for 18 gold pieces
 16242 | Orc:2    | Bought a meat ration for 60 gold pieces
 16245 | Orc:2    | Reached XP level 15. HP: 158/158 MP: 14/14
 16517 | Orc:2    | Received a gift from Trog
 16569 | Orc:2    | Found a staircase to the Elven Halls.
 16753 | Spider:1 | Entered Level 1 of the Spider Nest
 16928 | Spider:1 | Noticed Nikola
 16948 | Spider:1 | Killed Nikola
 16948 | Spider:1 | Reached XP level 16. HP: 106/167 MP: 15/15
 17690 | Spider:2 | Reached skill level 21 in Polearms
 18439 | Spider:3 | Reached skill level 15 in Armour
 18622 | Spider:4 | Entered Level 4 of the Spider Nest
 18664 | Spider:4 | Received a gift from Trog
 19566 | Spider:4 | Reached skill level 22 in Polearms
 19914 | Spider:4 | Received a gift from Trog
 19930 | Spider:4 | Reached XP level 17. HP: 94/179 MP: 0/16
 20183 | Spider:4 | Got a gossamer rune of Zot
 20467 | Swamp:1  | Entered Level 1 of the Swamp
 21969 | Swamp:3  | Reached skill level 23 in Polearms
 22324 | Swamp:3  | Received a gift from Trog
 22824 | Swamp:4  | Entered Level 4 of the Swamp
 23047 | Swamp:4  | Got a decaying rune of Zot
 23536 | Swamp:4  | Reached XP level 18. HP: 193/193 MP: 17/17
 24128 | D:12     | Received a gift from Trog
 24234 | D:12     | Received a gift from Trog
 24495 | D:12     | Reached skill level 24 in Polearms
 25374 | D:14     | Received a gift from Trog
 25438 | D:14     | Paralysed by a wizard for 6 turns
 25988 | D:14     | Found a blossoming altar of Fedhas.
 26205 | D:14     | Found a gate to the Vaults.
 26221 | Vaults:1 | Entered Level 1 of the Vaults
 26414 | Vaults:1 | Gained mutation: Your mind is acute. (Int +2) [potion of beneficial mutation]
 26688 | Vaults:1 | Received a gift from Trog
 26697 | Vaults:1 | Found Arpheppy's Antique Armour Emporium.
 26751 | Vaults:1 | Got a dazzling glaive {god gift}
 26752 | Vaults:1 | Identified the +5 glaive of Esmuur {freeze, Dex+4} (Trog gifted it to you on level 1 of the Vaults)
 27085 | Vaults:1 | Reached skill level 25 in Polearms
 27768 | Vaults:1 | Received a gift from Trog
 27787 | Vaults:2 | Reached XP level 19. HP: 199/203 MP: 18/18
 28310 | Vaults:2 | Found a portal to a secret trove of treasure.
 28395 | Vaults:2 | Received a gift from Trog
 28495 | Vaults:2 | Found Yned's Weapon Boutique.
 28920 | Vaults:3 | Found a staircase to the Crypt.
 28920 | Vaults:3 | Found a basalt altar of Yredelemnul.
 28921 | Vaults:3 | Found an ancient bone altar of Kikubaaqudgha.
 29326 | Vaults:3 | Reached skill level 26 in Polearms
 29606 | Vaults:3 | Received a gift from Trog
 29669 | Vaults:3 | Noticed Sojobo
 29680 | Vaults:3 | Killed Sojobo
 29709 | Vaults:3 | Paralysed by a wizard for 6 turns
 29992 | Vaults:3 | Found Jawo's Assorted Antiques.
 30000 | Vaults:3 | Bought 2 potions of heal wounds for 360 gold pieces
 30470 | Vaults:4 | Received a gift from Trog
 30711 | Vaults:4 | Found Nawk's Jewellery Shop.
 30713 | Vaults:4 | Noticed Frederick
 30722 | Vaults:4 | Killed Frederick
 30722 | Vaults:4 | Reached XP level 20. HP: 217/217 MP: 19/19
 30741 | Vaults:4 | Bought the ring of Compassion {MR+ AC+4 Int+3} for 1207 gold pieces
 30741 | Vaults:4 | Bought an uncursed ring of resist corrosion for 440 gold pieces
 30878 | Vaults:4 | Noticed Saint Roka
 30890 | Vaults:4 | Killed Saint Roka
 30907 | Vaults:4 | Received a gift from Trog
 31367 | Vaults:4 | Reached skill level 27 in Polearms
 31401 | Vaults:4 | Paralysed by an ogre mage for 4 turns
 31754 | Vaults:4 | Got a pair of heavily runed boots
 31758 | Vaults:4 | Received a gift from Trog
 31779 | Vaults:4 | Identified the +0 pair of boots of the Butterfly {*Confuse rPois rF++ rN+} (You acquired it on level 4 of the Vaults)
 32306 | Elf:1    | Entered Level 1 of the Elven Halls
 32328 | Elf:1    | Found a radiant altar of Vehumet.
 32345 | Elf:1    | Noticed Kirke
 32356 | Elf:1    | Killed Kirke
 32356 | Elf:1    | Reached skill level 10 in Dodging
 32814 | Elf:1    | Received a gift from Trog
 33213 | Elf:2    | Got a slimy golden ring
 33215 | Elf:2    | Identified the ring of Kodde {rC+++ MR+ Str+5 Stlth-} (You found it on level 2 of the Elven Halls)
 33243 | Elf:2    | Found a runed gate.
 33243 | Elf:2    | Found a runed gate.
 33243 | Elf:2    | Found a runed gate.
 33570 | Elf:2    | Reached XP level 21. HP: 229/229 MP: 20/20
 33809 | Elf:2    | Received a gift from Trog
 34178 | Elf:3    | Entered Level 3 of the Elven Halls
 34789 | Elf:3    | Received a gift from Trog
 35540 | Elf:3    | Received a gift from Trog
 35967 | Elf:3    | Got a vibrating platinum ring
 35972 | Elf:3    | Identified the ring of the Greedy {SustAt rF- Int+2 Slay+2 Stlth+} (You found it on level 3 of the Elven Halls)
 36535 | Crypt:1  | Entered Level 1 of the Crypt
 37085 | Crypt:1  | Gained mutation: You are partially covered in large bone plates. (AC +2, SH +2) [potion of beneficial mutation]
 37086 | Crypt:1  | Gained mutation: You have a pair of large horns on your head. [potion of beneficial mutation]
 37353 | Vaults:2 | You paid a toll of 3 potions of resistance to enter a treasure trove
 37354 | Trove    | Entered a treasure trove
 37366 | Trove    | Got a wavering ruby amulet
 37368 | Trove    | Identified the amulet "Akouph" {+Rage rF+ Str+5} (You found it in a treasure trove)
 37375 | Trove    | Got a brightly glowing diamond amulet
 37378 | Trove    | Identified the amulet "Memnoas" {Spirit *Contam rF+ MP+9 Dex+3} (You found it in a treasure trove)
 37423 | Trove    | Gained mutation: You are weak. (Str -2) [mutagenic glow]
 37605 | Crypt:2  | Reached XP level 22. HP: 235/246 MP: 21/21
 37985 | Crypt:3  | Entered Level 3 of the Crypt
 38182 | Crypt:3  | Found a staircase to the Tomb.
 38670 | Crypt:3  | Noticed a curse toe
 38672 | Crypt:3  | Noticed magenta's ghost (adept HEBe)
 38674 | Crypt:3  | Killed a curse toe
 38686 | Crypt:3  | Killed magenta's ghost
 38686 | Crypt:3  | Received a gift from Trog
 38895 | Crypt:3  | Noticed a curse toe
 39349 | Crypt:3  | Found a basalt altar of Yredelemnul.
 39351 | Crypt:3  | Found an ancient bone altar of Kikubaaqudgha.
 39899 | Slime:1  | Entered Level 1 of the Pits of Slime
 40195 | Slime:2  | Gained mutation: Your body sometimes deteriorates upon taking damage. [a shining eye]
 40199 | Slime:2  | Gained mutation: Potions and wands are less effective at restoring your health. [a shining eye]
 40206 | Slime:2  | Gained mutation: Your flesh is heat resistant. (rF+) [a shining eye]
 40243 | Slime:2  | Gained mutation: You are clumsy. (Dex -2) [a shining eye]
 40396 | Slime:3  | Found a viscous altar of Jiyva.
 40458 | Slime:2  | Gained mutation: Your magical capacity is low. (-10% MP) [a shining eye]
 40463 | Slime:2  | Gained mutation: Your magical capacity is very low. (-20% MP) [a shining eye]
 40467 | Slime:2  | Gained mutation: Your flesh is very heat resistant. (rF++) [a shining eye]
 40621 | Slime:3  | Received a gift from Trog
 41144 | Slime:4  | Reached XP level 23. HP: 227/256 MP: 17/17
 41332 | Slime:4  | Reached skill level 1 in Evocations
 41736 | Slime:5  | Entered Level 5 of the Pits of Slime
 41759 | Slime:5  | Lost mutation: Your mind is acute. (Int +2) [a shining eye]
 41761 | Slime:5  | Gained mutation: You are very clumsy. (Dex -4) [a shining eye]
 41763 | Slime:5  | Gained mutation: Scrolls take you a little longer to read. [a shining eye]
 41765 | Slime:5  | Gained mutation: You are occasionally teleported next to monsters. [a shining eye]
 41787 | Slime:5  | Gained mutation: You are very weak. (Str -4) [a shining eye]
 41839 | Slime:5  | Lost mutation: You are very clumsy. (Dex -4) [potion of cure mutation]
 41839 | Slime:5  | Lost mutation: Potions and wands are less effective at restoring your health. [potion of cure mutation]
 41839 | Slime:5  | Lost mutation: You have a pair of large horns on your head. [potion of cure mutation]
 41839 | Slime:5  | Lost mutation: Your body sometimes deteriorates upon taking damage. [potion of cure mutation]
 41839 | Slime:5  | Lost mutation: You are robust. (+10% HP) [potion of cure mutation]
 41839 | Slime:5  | Lost mutation: Your flesh is very heat resistant. (rF++) [potion of cure mutation]
 41839 | Slime:5  | Lost mutation: You are clumsy. (Dex -2) [potion of cure mutation]
 41861 | Slime:5  | Noticed the Royal Jelly
 41873 | Slime:5  | Killed the Royal Jelly
 41890 | Slime:5  | HP: 6/349 [acid blob[the Royal Jelly] (14)]
 41890 | Slime:5  | HP: 2/349 [acid[the Royal Jelly] (4)]
 41890 | Slime:5  | Demolished by an acid blob

Vault maps used:
D:1:      lemuel_arrival_room, serial_bayou_ford_a, minmay_misc_feat_chi,
          hangedman_abyss_or_decor_stabs, minmay_surrounded
D:2:      first_bread, uniq_robin
D:3:      portal_sewer_entry_b
D:4:      lemuel_crystal_altar
D:5:      grunt_dithmenos_smoke
D:6:      kennysheep_big_flooded_room, nicolae_qazlal_general_emergency,
          uniq_crazy_yiuf_cottage
D:7:      grunt_livestock, evilmike_ruin_ashenzari, uniq_prince_ribbit1
D:8:      serial_ice, serial_ice_n, serial_ice_h, serial_ice_m, serial_ice_d,
          serial_ice_b, minmay_sticks_and_stones
D:9:      lemuel_flame_loot_2, bloody_makhleb,
          nicolae_gozag_cash_rules_everything_around_me,
          gammafunk_temple_overflow_statue, uniq_erolcha, uniq_pikel
D:10:     orc_0_dummy, nicolae_two_hexagons, minmay_crystal_room,
          basic_loot_grate_trap, kennysheep_generic_room_16
D:11:     lair_0_dummy, uniq_josephine
D:12:     hangedman_cross_stitches
D:13:     serial_bayou_pond_e
D:14:     grunt_vaults_entry_fortified, hex_medium, fedhas_altar_3
Lair:1:   basic_altar, guppyfry_lair_drakes, serial_bayou_shore_a
Lair:2:   st_stairs_4, grunt_megastairs_2
Lair:3:   spider_nest_entry_funnel_web, grunt_megastairs_1
Lair:4:   minmay_swamp_entry_wisps, portal_ice_cave_entry_imps,
          serial_bayou_pond_e, uniq_nergalle
Lair:5:   slime_dummy, grunt_megastairs_3, infiniplex_staircase_pool
Lair:6:   hangedman_lair_in_review, lab_entry_generic, serial_bayou_shore_b
Swamp:1:  hangedman_swamp_pad
Swamp:2:  hangedman_swamp_ruin_wall, swamp_pool1, nicolae_swamp_necromancer_hut
Swamp:3:  nicolae_swamp_little_tower, swamp_pool3, nicolae_swamp_fairy_circle
Swamp:4:  swamp
Spider:1: uniq_nikola
Spider:2: hangedman_spider_tarantella_strand
Spider:3: lemuel_spider_zombies
Spider:4: spider_rune_water, nicolae_orb_island
Slime:3:  basic_altar
Orc:1:    mines3_lemuel, uniq_urug, uniq_maurice, uniq_snorg
Orc:2:    st_orc_elflike, okawaru_metal_pillars_1_2
Elf:1:    eino_elf_arrival_altar, hangedman_elven_crosses_minicolossus,
          st_stairs_10, minivault_14, statue_in_the_mist_lemuel,
          glass_columns_c, uniq_kirke
Elf:3:    elf_hall_gauntlet_wide
Vaults:1: vaults_room_grunt_arrival_ludios, st_lattice, grunt_vaults_trifunnel,
          vaults_room_corners, grunt_vaults_swirl,
          nicolae_vaults_little_squares_3, vaults_room_fours, v_alt_pattern_4,
          ontoclasm_vaults_ring_large, serial_shops, shop
Vaults:2: hangedman_vaults_capsules, nicolae_vaults_asterisk, v_misc_27,
          v_misc_13, ontoclasm_vaults_ring_square, v_misc_9, v_alt_pattern_4,
          vaults_room_door_ring, vaults_dpeg_diagonal, serial_shops, shop,
          nicolae_trove_entry_crossroad
Vaults:3: v_alt_pattern_6, nicolae_vaults_inception_statues, vaults_dpeg_hooks,
          v_misc_23, vaults_room_corners, v_rooms_5,
          minmay_crypt_entry_necro_gods, vaults_room_semicircle,
          nicolae_vaults_little_squares_2, nicolae_vaults_mini_display_case,
          nicolae_vaults_gold_heap, serial_shops, shop, uniq_sojobo
Vaults:4: v_misc_26, minmay_guarded_unrand_guard_vaults, vaults_dpeg_doors,
          v_pattern_3, nicolae_vaults_little_squares_3, v_misc_27,
          v_alt_pattern_6, vaults_standard_mumra_lines,
          vaults_standard_mumra_enter_the_diamond, vaults_dpeg_ring,
          ontoclasm_vaults_idyll, ontoclasm_vaults_ring_large, serial_shops,
          shop, uniq_frederick, uniq_saint_roka
Crypt:1:  minivault_26, grunt_crypt_arrival_guarded_gate
Crypt:2:  glass_columns_c, basic_stair_grate_trap
Crypt:3:  lightli_unholy_cathedral, serial_sigils_hangedman_leer
Trove:    trove_simple
Sewer:    kennysheep_door_sewer
IceCv:    ice_cave_small_necro

Skill      XL: |  1  2  3  4  5  6  7  8  9 10 11 12 13 14 15 16 17 18 19 20 21 22 23 |
---------------+----------------------------------------------------------------------+-----
Polearms       | 4 5 6 7 9 11 13 15 16 18 20 22 23 25 26 27 | 27.0
Fighting       | 4 5 7 9 10 12 13 14 16 18 19 20 21 22 24 26 | 26.7
Armour         | 3 4 6 7 8 9 11 12 13 14 15 16 17 18 19 20 | 20.9
Dodging        | 3 4 5 6 8 10 12 13 14 | 14.1
Stealth        | 1 2 3 4 |  4.1
Shields        | 2 |  2.3
Evocations     | 1 |  1.0

Action                   |  1- 3 |  4- 6 |  7- 9 | 10-12 | 13-15 | 16-18 | 19-21 | 22-24 || total
-------------------------+-------+-------+-------+-------+-------+-------+-------+-------++-------
Melee: Spear             |   101 |       |       |       |       |       |       |       ||   101
       Headbutt          |    10 |    17 |    47 |   176 |   157 |   376 |   323 |   190 ||  1296
       Trident           |       |   144 |   286 |    91 |       |       |       |       ||   521
       Halberd           |       |       |       |   533 |   527 |  1433 |   740 |       ||  3233
       Glaive            |       |       |       |    42 |   122 |       |   777 |   657 ||  1598
Invok: Berserk           |     1 |     1 |     2 |     4 |     2 |     3 |     1 |     3 ||    17
       Trog's Hand       |       |     2 |     1 |     2 |       |     6 |     7 |    10 ||    28
       Burn Spellbooks   |       |       |     1 |       |       |     4 |     5 |     3 ||    13
       Brothers in Arms  |       |       |       |       |       |     2 |     1 |     4 ||     7
Evoke: Wand              |       |       |       |       |       |       |       |     2 ||     2
  Use: Scroll            |       |    13 |     7 |    16 |     7 |     6 |     6 |       ||    55
       Potion            |       |     1 |       |     3 |     1 |    13 |     5 |     1 ||    24
 Stab: Distracted        |       |       |       |     1 |     1 |       |     2 |       ||     4
       Petrifying        |       |       |       |       |     2 |     2 |       |       ||     4
       Confused          |       |       |       |       |       |     2 |       |       ||     2
       Held in net/web   |       |       |       |       |       |       |     1 |       ||     1
  Eat: Chunk             |       |     8 |     9 |    27 |    18 |    23 |    32 |       ||   117
       Royal jelly       |       |     1 |       |       |       |       |       |     3 ||     4
       Beef jerky        |       |       |     2 |       |       |     3 |       |     5 ||    10
       Fruit             |       |       |       |     5 |       |     8 |     5 |     2 ||    20
       Pizza             |       |       |       |     2 |       |     5 |       |     4 ||    11
       Meat ration       |       |       |       |       |       |     1 |       |       ||     1
Armor: Animal skin       |     5 |       |       |       |       |       |       |       ||     5
       Ring mail         |    16 |    48 |       |       |       |       |       |       ||    64
       Scale mail        |       |     4 |    10 |       |       |       |       |       ||    14
       Crystal plate arm |       |       |   147 |   546 |   377 |  1063 |   730 |   355 ||  3218
Dodge: Dodged            |    34 |    70 |    91 |   219 |   236 |   659 |   490 |   303 ||  2102
Block: Other             |       |       |       |       |       |       |     1 |    27 ||    28
